 Dungeon Crawl Stone Soup version 0.19.0 (webtiles) character file.

101 Lyric the Cutter (level 5, -2/32 HPs)
             Began as a Kobold Gladiator on Nov 15, 2016.
             Killed by divine providence
             ... invoked by an orc priest
              (13 damage)
             ... on level 3 of the Dungeon.
             The game lasted 00:10:42 (2074 turns).

Lyric the Cutter (Kobold Gladiator)                 Turns: 2074, Time: 00:10:43

Health: -2/32      AC: 11    Str: 13    XL:     5   Next: 4%
Magic:  5/5        EV:  6    Int:  9    God:
Gold:   68         SH:  0    Dex: 16    Spells: 0 memorised, 4 levels left

rFire  . . .     SeeInvis .     a - +0 rapier
rCold  . . .     Gourm    .     p - +0 plate armour (curse)
rNeg   . . .     Faith    .     (shield restricted)
rPois  .         Spirit   .     c - +0 helmet
rElec  .         Reflect  .     (no cloak)
rCorr  .         Harm     .     (no gloves)
MR     .....                    (no boots)
Stlth  ..........               (no amulet)
                                (no ring)
                                (no ring)

@: no status effects
A: carnivore 3
a: no special abilities


You were on level 3 of the Dungeon.
You were full.

You visited 1 branch of the dungeon, and saw 3 of its levels.

You collected 68 gold pieces.

Inventory:

Hand Weapons
 a - a +0 rapier (weapon)
 s - a cursed -2 club
Missiles
 d - 3 throwing nets (quivered)
 j - 4 tomahawks
Armour
 b - a +0 leather armour
 c - a +0 helmet (worn)
 g - a +0 scale mail
 p - a cursed +0 plate armour (worn)
Jewellery
 i - an uncursed ring of fire {unknown}
Scrolls
 e - a scroll of blinking {unknown}
 h - 2 scrolls of identify {unknown}
 n - a scroll of teleportation {unknown}
 o - 3 scrolls of remove curse {unknown}
 q - a scroll of recharging {unknown}
Potions
 l - a potion of ambrosia {unknown}
 m - a potion of brilliance {unknown}
Comestibles
 f - 2 meat rations
 k - a royal jelly
 r - 5 fruits


   Skills:
 + Level 2.8 Fighting
 + Level 5.6 Short Blades
 + Level 2.5 Throwing
 + Level 0.8 Armour
 + Level 4.2 Dodging
 + Level 0.4 Stealth


You had 4 spell levels left.
You didn't know any spells.

Dungeon Overview and Level Annotations

Branches:
Dungeon (3/15)

Altars:


Innate Abilities, Weirdness & Mutations

You are small and have problems with some larger weapons.
You are carnivorous and can eat meat at any time.


Message History

You hit the orc but do no damage. The orc priest hits you with a mace.
The orc hits you but does no damage. The orc completely misses you.
You puncture the orc!
You kill the orc!
The orc priest hits you but does no damage.
The orc hits you but does no damage. The adder bites you but does no damage.
Your plate armour prevents you from hitting the adder.
The orc hits you but does no damage.
The orc priest hits you but does no damage.
The adder bites you.
You closely miss the adder. The orc hits you.
The adder bites you but does no damage.
The orc priest invokes the aid of Beogh against you.
Pain shoots through your body!
You hit the adder.
The adder is moderately wounded.
The adder bites you but does no damage. The orc barely misses you.
The orc priest calls down the wrath of Beogh upon you.
Beogh smites you!
You die... ### ## #.. . #.#.# ##.#. .rw

#S#
#@#
#oo#
#.##
#(
#.
..
.#
#.


You could see an orc priest, an adder, a dart slug, an orc and a rat.

Vanquished Creatures
  4 adders (D:2)
  2 oozes (D:1)
  A worm (D:2)
  A dart slug (D:2)
  2 leopard geckos (D:2)
  2 orcs (D:3)
  3 giant cockroaches (D:2)
  3 goblins
  7 hobgoblins
  8 kobolds
  5 ball pythons (D:1)
  5 bats
  A frilled lizard (D:2)
  6 rats
50 creatures vanquished.

Notes
Turn   | Place    | Note
-------+----------+-------------------------------------------
     0 | D:1      | Lyric the Kobold Gladiator began the quest for the Orb.
     0 | D:1      | Reached XP level 1. HP: 12/12 MP: 1/1
   212 | D:1      | Reached XP level 2. HP: 17/18 MP: 2/2
   604 | D:1      | Reached XP level 3. HP: 17/22 MP: 3/3
  1114 | D:2      | Reached XP level 4. HP: 14/27 MP: 4/4
  1296 | D:2      | Reached skill level 5 in Short Blades
  1853 | D:2      | Reached XP level 5. HP: 20/32 MP: 5/5
  2074 | D:3      | Killed from afar by an orc priest

Skill      XL: |  1  2  3  4 |
---------------+-------------+-----
Dodging        | 4 |  4.2
Short Blades   | 5 |  5.6
Fighting       | |  2.8
Throwing       | |  2.5
Armour         | |  0.8
Stealth        | |  0.4

Action                   |  1- 3 |  4- 6 || total
-------------------------+-------+-------++-------
Melee: Rapier            |    91 |    93 ||   184
  Eat: Chunk             |     1 |     7 ||     8
Armor: Leather armour    |     3 |       ||     3
       Scale mail        |    29 |     1 ||    30
       Plate armour      |       |    50 ||    50
Dodge: Dodged            |    69 |    33 ||   102
